Map: Nightshade LE

Players

SpeCial

  • Race: Terran Terran
  • Spawn Location: 5:00

Reynor - Winner!

  • Race: Zerg Zerg
  • Spawn Location: 11:00

Event: NationWars 2019

VOD

Have the link to the VOD?

Description

Time

  • Played on: Nov. 30, 2019, 1:30 p.m.
  • Length: 15:19
Show
View Real Time Build Order
Export as new Build Order

SpeCial Terran 

Build Orders:  

Get SALT Encoding   

  12  0:00  SCV  
  13  0:13  SCV  
  14  0:18  Supply Depot  
  14  0:25  SCV  
  15  0:39  SCV  
  15  0:41  Barracks  
  16  0:44  Refinery  
  16  0:51  SCV  
  17  1:00  Barracks  
  17  1:03  SCV  
  18  1:15  SCV  
  19  1:29  Orbital Command, Reaper  
  20  1:36  Refinery  
  20  1:47  Reaper  
  21  1:51  Supply Depot  
  21  1:54  SCV  
  22  2:02  Reaper  
  23  2:13  SCV  
  24  2:23  Factory  
  24  2:25  SCV  
  25  2:31  Reaper  
  25  2:35  Command Center  
  26  2:37  SCV  
  26  2:40  Reaper  
  28  2:49  SCV  
  29  2:56  Supply Depot  
  29  3:01  SCV  
  29  3:02  Marine  
  31  3:10  Starport  
  31  3:15  Factory Reactor  
  31  3:18  SCV, Marine  
  33  3:22  Marine  
  34  3:30  SCV  
  35  3:35  Marine  
  35  3:40  Marine  
  37  3:43  SCV  
  37  3:47  Orbital Command  
  38  3:51  Medivac, Hellion x2  
  38  3:54  Marine  
  45  4:00  Armory  
  45  4:01  Marine  
  46  4:03  SCV  
  46  4:09  Supply Depot  
  47  4:12  Marine  
  47  4:15  Hellion  
  50  4:17  Hellion  
  50  4:18  SCV  
  50  4:20  SCV  
  50  4:24  Starport Tech Lab  
  54  4:31  SCV  
  55  4:32  SCV  
  55  4:36  Hellion  
  58  4:39  Hellion  
  60  4:46  SCV x2  
  60  4:47  Cloaking Field  
  62  5:07  Barracks Reactor, Barracks Tech Lab  
  62  5:17  SCV  
  62  5:18  SCV  
  62  5:25  Command Center, Marine  
  62  5:26  Stimpack  
  62  5:28  Banshee  
  62  5:30  SCV x2  
  62  5:33  Hellion x2  
  62  5:42  SCV x2  
  58  5:43  Marine x2  
  58  5:45  Marine  
  58  5:47  Factory Reactor  
  58  5:48  Barracks  
  58  5:49  Supply Depot  
  61  5:54  SCV  
  61  5:56  SCV  
  63  5:58  Engineering Bay  
  63  5:59  Engineering Bay  
  63  6:01  Marine x2  
  63  6:03  Marine  
  66  6:06  SCV  
  66  6:09  SCV  
  66  6:11  Banshee  
  71  6:12  Refinery  
  71  6:13  Refinery  
  71  6:17  Supply Depot  
  71  6:18  SCV  
  72  6:19  Marine x2  
  72  6:21  SCV, Marine  
  76  6:30  SCV  
  76  6:31  Terran Infantry Weapons Level 1, Terran Infantry Armor Level 1  
  77  6:33  SCV, Supply Depot  
  77  6:36  Marine  
  77  6:37  Marine  
  78  6:41  Orbital Command  
  78  6:42  SCV  
  78  6:45  SCV  
  80  6:49  Marine x2  
  80  6:50  Marine  
  80  6:52  Supply Depot  
  83  6:54  Marine x2  
  83  6:59  SCV  
  86  7:03  Siege Tank  
  86  7:04  Orbital Command  
  86  7:05  Barracks  
  86  7:06  Barracks  
  86  7:07  Marine x2  
  86  7:08  Barracks, Medivac x2  
  95  7:10  SCV  
  95  7:11  SCV  
  97  7:16  Marine x2  
  100  7:22  SCV  
  100  7:23  SCV  
  100  7:28  Supply Depot  
  101  7:30  SCV, Marine x3  
  101  7:31  Combat Shield  
  101  7:34  Marine  
  101  7:35  SCV x2, Marine  
  109  7:37  Medivac  
  109  7:38  Medivac  
  113  7:48  Marine x2  
  115  7:51  Barracks  
  115  7:52  SCV x3  
  115  7:54  Barracks  
  115  7:57  Barracks  
  115  7:58  Supply Depot, Siege Tank  
  116  8:15  Marine x4  
  116  8:16  Barracks Reactor x2  
  117  8:20  SCV  
  117  8:22  Medivac x2  
  117  8:23  SCV  
  117  8:24  Marine  
  123  8:30  Siege Tank  
  123  8:33  Marine x4  
  130  8:35  Terran Infantry Weapons Level 2  
  130  8:38  Supply Depot  
  130  8:43  Marine  
  130  8:46  Supply Depot  
  133  8:50  Marine, Barracks Tech Lab  
  133  8:51  Barracks Tech Lab  
  132  9:00  Supply Depot  
  132  9:01  Marauder  
  132  9:02  Siege Tank, Marine x3  
  136  9:03  Marine x2  
  136  9:04  Marine  
  136  9:07  Marine  
  136  9:08  Medivac  
  136  9:14  SCV  
  136  9:16  Marine  
  136  9:17  Marauder, Marine  
  127  9:20  Marine x4  
  127  9:21  Marine  
  127  9:22  Marauder  
  127  9:23  Barracks Tech Lab  
  127  9:24  Marine  
  134  9:26  Marine  
  136  9:34  Marine x2  
  136  9:38  Marauder, Marine x4  
  141  9:39  Marine  
  143  9:46  Medivac x2  
  139  9:53  Marine x3  
  139  9:54  Marauder  
  139  9:56  Siege Tank  
  139  9:57  Marine  
  139  9:58  Marauder  
  150  10:01  Marine x2  
  150  10:02  Marine  
  153  10:07  Marine  
  153  10:08  Marauder  
  153  10:10  Marine  
  153  10:12  Supply Depot x2  
  153  10:13  Terran Infantry Armor Level 2  
  154  10:17  SCV  
  157  10:26  Concussive Shells  
  157  10:34  Siege Tank, Marauder x2, Marine x3  
  157  10:35  Marauder, Marine x2  
  171  10:39  Marine x2  
  171  10:41  Medivac  
  173  10:45  Supply Depot  
  173  10:50  Marine  
  171  11:01  Marine  
  171  11:02  Marine  
  173  11:05  Marine x2  
  173  11:06  Siege Tank, Marine x3  
  173  11:11  Marine  
  163  11:13  Marine  
  163  11:16  Marine  
  163  11:17  SCV  
  163  11:18  SCV, Marine x2  
  135  11:19  Marine  
  135  11:20  Marine  
  135  11:22  Marine  
  135  11:23  Marine  
  128  11:26  Marine  
  128  11:29  Marine  
  128  11:32  Marine  
  126  11:38  SCV, Siege Tank  
  130  11:42  Marine  
  131  11:49  Marine x2  
  131  11:51  SCV  
  134  11:55  Marine x2  
  131  12:03  Marine x2  
  131  12:06  SCV  
  127  12:10  Siege Tank  
  120  12:16  Marine x2  
  120  12:17  Marine  
  121  12:25  Marine  
  121  12:26  Marine  
  121  12:27  Marine  
  121  12:29  Marine  
  115  12:33  Marine x2  
  115  12:36  Marine  
  91  12:37  Marine  
  91  12:39  Marine x2  
  91  12:40  Marine x2  
  91  12:43  Marine  
  78  12:44  Marine x2  
  78  12:47  Marine  
  77  12:52  Marine x2  
  77  12:58  Marine x2  
  80  12:59  Marine  
  80  13:03  Marauder  
  83  13:07  Marine  
  81  13:18  Marine  
  81  13:19  SCV x2  
  75  13:20  SCV  
  75  13:26  Marine  
  75  13:28  Marine  
  75  13:31  SCV  
  75  13:32  SCV x2  
  72  13:37  Marine x2  
  70  13:43  SCV, Marauder, Marine  
  70  13:44  Orbital Command, SCV x2  
  70  13:46  Marauder  
  78  13:49  Marauder  
  78  13:52  Marine  
  78  13:55  Marine  
  78  13:56  SCV x2, Marauder  
  83  14:08  SCV x2  
  83  14:09  Marauder  
  87  14:11  Marine  
  87  14:25  SCV x3  
  87  14:27  Marine  
  87  14:31  Marine  
  92  14:32  Marine  
  92  14:36  Marauder  
  92  14:37  SCV x2  
  90  14:43  Marine x2  
  90  14:44  Marauder  
  92  14:48  Marauder  
  92  14:49  Marine  
Show
View Real Time Build Order
Export as new Build Order

Reynor Zerg - Winner!

Build Orders: Hatch First 

Get SALT Encoding   

  12  0:00  Drone  
  13  0:12  Overlord  
  13  0:17  Drone  
  14  0:30  Drone  
  14  0:31  Drone  
  16  0:48  Hatchery  
  15  0:51  Drone  
  15  0:54  Drone  
  17  0:58  Drone  
  18  1:08  Extractor  
  17  1:13  Spawning Pool  
  17  1:16  Drone  
  17  1:19  Drone  
  18  1:28  Drone  
  19  1:39  Drone  
  20  1:49  Overlord  
  20  2:00  Queen x2  
  20  2:01  Zergling x4  
  26  2:10  Drone  
  26  2:11  Drone  
  28  2:22  Zergling x2  
  29  2:26  Metabolic Boost  
  29  2:31  Hatchery  
  29  2:33  Drone  
  29  2:36  Zergling x2  
  30  2:42  Queen  
  31  2:49  Overlord  
  30  2:54  Zergling x2  
  30  2:55  Zergling x2  
  30  2:57  Drone  
  33  3:05  Queen  
  33  3:08  Drone  
  36  3:14  Drone x2  
  36  3:15  Drone  
  39  3:25  Overlord  
  39  3:26  Zergling x4  
  41  3:29  Drone  
  41  3:34  Overlord  
  42  3:38  Drone  
  43  3:43  Overlord  
  43  3:44  Drone  
  43  3:45  Drone  
  43  3:47  Drone x2  
  47  3:53  Queen  
  49  3:56  Drone  
  49  3:57  Drone  
  51  4:03  Zergling x2  
  51  4:06  Drone x3  
  51  4:09  Drone  
  56  4:12  Queen  
  56  4:16  Drone x3  
  61  4:18  Zergling x2  
  61  4:21  Drone  
  61  4:23  Drone  
  64  4:27  Overlord  
  64  4:29  Drone  
  64  4:30  Spore Crawler  
  64  4:37  Queen  
  65  4:41  Overlord  
  65  4:43  Spore Crawler  
  65  4:44  Drone  
  65  4:46  Roach Warren, Drone x2  
  65  4:52  Zergling x8  
  70  4:55  Zergling x6  
  73  5:02  Overlord  
  73  5:06  Zergling x4  
  74  5:11  Overlord  
  74  5:12  Zergling x2  
  74  5:17  Zergling x2  
  74  5:18  Zergling x8  
  74  5:20  Zergling x2  
  66  5:21  Queen x2  
  66  5:27  Zergling x4  
  66  5:35  Drone  
  66  5:36  Spore Crawler, Drone x2  
  66  5:38  Roach x4  
  76  5:48  Spore Crawler, Drone x4  
  76  5:49  Lair  
  79  5:54  Roach  
  79  5:56  Extractor  
  80  5:57  Roach, Extractor  
  80  6:00  Drone  
  82  6:04  Drone  
  82  6:07  Drone x3  
  82  6:09  Drone x2  
  82  6:11  Evolution Chamber  
  87  6:12  Evolution Chamber  
  87  6:14  Overlord  
  86  6:20  Drone x2  
  88  6:25  Drone  
  88  6:31  Drone  
  88  6:32  Overlord  
  90  6:36  Drone x2  
  90  6:37  Zerg Ground Armor Level 1  
  90  6:38  Drone x2  
  92  6:40  Hatchery  
  92  6:42  Drone x4  
  92  6:45  Drone x3  
  92  6:46  Extractor  
  97  6:47  Baneling Nest, Extractor  
  97  6:51  Glial Reconstitution  
  95  6:54  Drone x2  
  95  6:57  Overseer  
  95  6:59  Overlord  
  97  7:05  Roach x2, Extractor  
  97  7:06  Overlord  
  100  7:11  Drone  
  100  7:14  Drone x3  
  100  7:15  Roach  
  106  7:17  Overlord  
  106  7:19  Overseer  
  106  7:23  Zergling x6  
  106  7:27  Roach x2  
  112  7:30  Zergling x2  
  112  7:31  Pneumatized Carapace  
  112  7:35  Zerg Melee Weapons Level 1  
  113  7:37  Zergling x2  
  113  7:38  Zergling x12  
  113  7:43  Zergling x4  
  113  7:44  Zergling x2  
  123  7:45  Zergling x2  
  123  7:47  Overlord  
  124  7:52  Centrifical Hooks  
  124  7:53  Drone  
  124  7:54  Drone x2  
  127  8:03  Drone  
  127  8:04  Drone x2, Zergling x8  
  127  8:05  Zergling x4  
  133  8:06  Roach  
  134  8:13  Overlord  
  134  8:15  Zergling x4  
  134  8:19  Zergling x8  
  139  8:23  Drone  
  139  8:25  Drone  
  140  8:28  Overlord  
  140  8:29  Drone x3, Infestation Pit  
  140  8:30  Drone  
  140  8:31  Drone  
  144  8:35  Baneling x5  
  144  8:36  Zerg Ground Armor Level 2, Ravager x4  
  148  8:42  Drone x3  
  148  8:43  Spore Crawler  
  148  8:47  Zergling x12  
  156  8:48  Hatchery  
  155  8:56  Zergling x8  
  155  8:59  Zergling x2  
  156  9:05  Baneling  
  156  9:06  Baneling x5  
  156  9:08  Zergling x16  
  147  9:10  Zergling x6  
  147  9:14  Zergling x4, Roach x2  
  148  9:21  Hive  
  146  9:26  Zergling x12, Hatchery  
  146  9:29  Zergling x8  
  156  9:34  Queen  
  156  9:38  Baneling  
  157  9:39  Drone x2  
  157  9:42  Spore Crawler  
  157  9:44  Zergling x2  
  157  9:45  Zergling x6  
  154  9:49  Zergling x4  
  154  9:50  Hatchery  
  146  9:54  Zerg Melee Weapons Level 2  
  146  9:57  Zergling x16  
  152  10:01  Queen  
  151  10:11  Drone x6  
  153  10:15  Zergling x6  
  153  10:19  Baneling x10  
  156  10:24  Drone  
  156  10:25  Drone  
  156  10:26  Zergling x4  
  160  10:29  Overlord x3  
  160  10:30  Overlord  
  160  10:36  Overlord  
  160  10:37  Ultralisk Cavern  
  159  10:43  Baneling x5  
  159  10:45  Adrenal Glands  
  159  10:49  Zergling x22  
  168  10:52  Zergling x6  
  166  10:59  Roach  
  168  11:06  Roach x2, Zergling x2, Baneling x11  
  168  11:07  Zergling x4  
  168  11:08  Ravager x3  
  168  11:09  Zergling x8  
  168  11:11  Zergling x8  
  180  11:15  Zergling x8  
  180  11:17  Zergling x2  
  172  11:19  Roach  
  172  11:25  Baneling x10  
  170  11:26  Zergling x6  
  170  11:30  Chitinous Plating  
  172  11:37  Viper  
  172  11:39  Viper  
  173  11:42  Hatchery  
  173  11:43  Zergling x6  
  173  11:45  Baneling x2  
  173  11:46  Zergling x2, Roach  
  173  11:47  Roach  
  183  11:53  Zergling x2  
  184  11:56  Zergling x12  
  183  12:04  Zergling x2  
  177  12:12  Zergling x6  
  164  12:17  Zergling x2, Ultralisk x2  
  164  12:21  Baneling  
  171  12:28  Ultralisk  
  171  12:29  Zergling x8  
  167  12:34  Zergling x2  
  132  12:38  Ultralisk  
  132  12:42  Zergling x6  
  119  12:45  Zergling x4  
  119  12:50  Zergling x2  
  119  12:51  Zergling x6  
  121  12:53  Zergling x4  
  121  12:57  Zergling x4  
  122  13:01  Baneling x4  
  122  13:02  Zergling x4, Baneling  
  122  13:03  Zergling x2  
  122  13:05  Zergling x2  
  122  13:06  Zergling x4  
  123  13:13  Ultralisk  
  123  13:14  Zergling x4  
  123  13:17  Zergling x4  
  119  13:24  Zergling x6  
  122  13:29  Zergling x2, Ultralisk  
  122  13:32  Zergling x4  
  130  13:34  Drone  
  130  13:37  Drone  
  131  13:46  Ultralisk  
  131  13:47  Zergling x6  
  140  13:49  Drone x2  
  140  13:53  Queen  
  141  14:01  Drone x2  
  143  14:03  Drone  
  143  14:11  Zergling x14  
  143  14:15  Queen  
  150  14:19  Drone x3  
  150  14:22  Drone x2  
  151  14:24  Queen  
  150  14:32  Ultralisk  
  150  14:33  Zergling x4  
  150  14:37  Zergling x6  
  150  14:38  Zergling x4  
  161  14:44  Zergling x10  
  167  14:50  Zergling x4  
  169  14:54  Spire  
  169  14:55  Baneling x4  
  169  14:56  Baneling x2  
  169  14:59  Zergling x4  
  172  15:00  Zergling x2  
Tags
 
Add a new tag
Caveats
  • Supply blocks, unpowered buildings, or Contaminate may cause inaccurate times.
  • Supply counts are checked every 10 seconds.